 Dungeon Crawl Stone Soup version 0.18-a0-1799-g6250cb2 (webtiles) character file.

4725 dobroeutro the Fighter (level 10, -6/66 HPs)
             Began as a Gargoyle Fighter on Apr 23, 2016.
             Was a High Priest of Okawaru.
             Mangled by a komodo dragon (21 damage)
             ... on level 9 of the Dungeon.
             The game lasted 00:18:22 (7782 turns).

dobroeutro the Fighter (Gargoyle Fighter)           Turns: 7782, Time: 00:18:23

Health: -6/66      AC: 18    Str: 21    XL:     10   Next: 45%
Magic:  19/19      EV:  6    Int:  8    God:    Okawaru [*****.]
Gold:   397        SH: 16    Dex: 13    Spells: 0 memorised, 9 levels left

rFire  . . .     SeeInvis .     a - +2 flail (flame)
rCold  . . .     Gourm    .     b - +0 scale mail
rNeg   + + .     Faith    .     E - -1 large shield "Hur Leepp" {rN+ MP+9 Dex+3} (curse)
rPois  ∞         Spirit   .     O - +0 helmet
rElec  +         Dismiss  .     (no cloak)
rCorr  .         Reflect  .     j - +0 pair of gloves
SustAt .         Harm     .     (no boots)
MR     .....                    (no amulet)
Stlth  +.........               t - ring of flight
                                m - ring of stealth

@: not resistant to hostile enchantments, very unstealthy
A: thin skeletal structure 1, blink, clumsy 1, dopey 1, negative energy
resistance 1, screaming 1, electricity resistance, unbreathing, petrification
resistance, rot immunity, AC +7
a: Blink, Heroism, Finesse, Renounce Religion, Evoke Flight


You were on level 9 of the Dungeon.
You worshipped Okawaru.
Okawaru was extremely pleased with you.
You were not hungry.

You visited 1 branch of the dungeon, and saw 9 of its levels.
You also visited: Ossuary.

You collected 653 gold pieces.
You spent 256 gold pieces at shops.

Inventory:

Hand Weapons
 a - a +2 flail of flaming (weapon)
Armour
 b - a +0 scale mail (worn)
 c - a +1 shield
 j - a +0 pair of gloves (worn)
 B - a +0 ring mail of cold resistance
 E - the cursed -1 large shield "Hur Leepp" (worn) {rN+ MP+9 Dex+3}
   (You bought it in a shop on level 7 of the Dungeon)

   It affects your dexterity (+3).
   It protects you from negative energy.
   It affects your magic capacity (+9).
   It has a curse placed upon it.
 O - a +0 helmet (worn)
Magical Staves
 K - an uncursed staff of wizardry
Jewellery
 m - a ring of stealth (left hand)
 t - a ring of flight (right hand)
Wands
 e - a wand of iceblast (8/15)
 i - a wand of lightning (15/15)
 y - a wand of lightning (9/15)
 C - a wand of flame (7/48)
 H - a wand of confusion (18/48)
 M - a wand of paralysis (8/24)
Scrolls
 o - a scroll of fear
 v - a scroll of remove curse
 z - 3 scrolls of teleportation
 F - a scroll of recharging
 I - 3 scrolls of identify
 J - a scroll of enchant weapon
Potions
 d - a potion of might
 g - 4 potions of cancellation
 h - 3 potions of haste
 k - a potion of curing
 l - 2 potions of lignification
 n - a potion of agility
 q - a potion of cure mutation
 r - 2 potions of flight
 u - 3 potions of heal wounds
 w - a potion of resistance
 x - 2 potions of brilliance
 A - 2 potions of magic
 G - a potion of ambrosia
 L - a potion of invisibility {unknown}
Comestibles
 f - 3 bread rations
 p - 16 fruits
 s - a meat ration
 D - a slice of pizza


   Skills:
 + Level 9.1 Fighting
 + Level 7.8 Maces & Flails
 + Level 8.7 Armour
 + Level 8.9 Shields


You had 9 spell levels left.
You didn't know any spells.

Dungeon Overview and Level Annotations

Branches:
Dungeon (9/15)             Temple (0/1) D:7            Lair (0/8) D:9
    Orc: D:9-12

Altars:
Cheibriados
Dithmenos
Fedhas
Gozag
Makhleb
Okawaru
Ru
Sif Muna

Shops:
D:6 :   D:7 [   D:8 :

Annotations:
D:8 4 runed doors


Innate Abilities, Weirdness & Mutations

You are resistant to torment.
Your stone body is resilient (AC +7).
You are immune to poison.
You resist negative energy.
You are resistant to electric shocks.
You can survive without breathing.
You are immune to petrification.
You are immune to rotting.
You have a somewhat thin skeletal structure (Dex +2, Stealth).
You can translocate small distances at will.
You are clumsy. (Dex -2)
You are dopey. (Int -2)
You occasionally shout uncontrollably at your foes.


Message History

You are too injured to fight recklessly!
You are too injured to fight recklessly!
You are too injured to fight recklessly!
You are too injured to fight recklessly!
You are too injured to fight recklessly!
You are too injured to fight recklessly!
You are too injured to fight recklessly!
You are too injured to fight recklessly!
You are too injured to fight recklessly!
You are too injured to fight recklessly!
You are too injured to fight recklessly!
You are too injured to fight recklessly!
You are too injured to fight recklessly!
You are too injured to fight recklessly!
Drink which item? (? for menu, Esc to quit)
You feel better. You block the komodo dragon's attack.
Your shield and scale mail prevent you from hitting the komodo dragon.
The komodo dragon is almost dead.
The komodo dragon bites you!!
You die... ########### ##PPPPPPPPP## #PP..PPPPPPP#

#PP.>..PPP.P.
#PP...PPPP...
#PPPP.P......
#P..PPl.....#
#...@.P...#
###.....####
#.........>
#..#####...
#..# .. #..#
. #..# #..#
#..# #..#
#..#.......


You could see a komodo dragon.

Vanquished Creatures
  The ghost of Sl000nik the Blocker, a novice GrFi of Cheibriados (D:8)
  A hungry ghost (D:8)
  Menkaure (D:4)
  A water moccasin (D:7)
  3 orc warriors
  5 necrophages (D:9)
  2 phantoms
  5 ogres
  3 centaurs
  A big kobold (D:7)
  3 giant frogs
  A scorpion (D:5)
  5 killer bees (D:7)
  4 wights (D:9)
  2 howler monkeys (D:7)
  5 crimson imps
  3 giant frog zombies
  2 centaur zombies
  4 orc priests
  9 orc wizards
  9 hounds
  2 centaur skeletons
  An iguana (D:7)
  5 worker ants
  Terence (D:2)
  2 killer bee zombies
  A hound skeleton (D:7)
  9 mummies
  A howler monkey skeleton (D:9)
  A gnoll (D:5)
  7 adders
  2 shadow imps
  2 adder zombies
  An adder skeleton (D:5)
  4 dart slugs
  4 giant geckos
  21 orcs
  5 giant cockroaches
  7 goblins
  4 hobgoblins (D:1)
  15 jackals
  2 quokkas
  11 bats
  5 giant newts
  A gnoll zombie (Ossuary)
  2 hobgoblin zombies (Ossuary)
  A jackal skeleton (D:4)
  10 kobolds
  2 kobold zombies (Ossuary)
  3 orc zombies (Ossuary)
  5 rats
207 creatures vanquished.

Vanquished Creatures (others)
  A plant (D:9)
1 creature vanquished.

Grand Total: 208 creatures vanquished

Notes
Turn   | Place    | Note
--------------------------------------------------------------
     0 | D:1      | dobroeutro the Gargoyle Fighter began the quest for the Orb.
     0 | D:1      | Reached XP level 1. HP: 14/14 MP: 1/1
    96 | D:1      | Reached XP level 2. HP: 5/19 MP: 2/2
   291 | D:1      | Reached XP level 3. HP: 13/24 MP: 3/3
  1042 | D:2      | Noticed Terence
  1051 | D:2      | Killed Terence
  1051 | D:2      | Reached skill level 4 in Fighting
  1051 | D:2      | Reached XP level 4. HP: 26/29 MP: 4/4
  1896 | D:3      | Found a snail-covered altar of Cheibriados.
  1896 | D:3      | Found a shadowy altar of Dithmenos.
  1896 | D:3      | Found an opulent altar of Gozag.
  1896 | D:3      | Found a deep blue altar of Sif Muna.
  1902 | D:3      | Reached XP level 5. HP: 30/33 MP: 5/5
  1911 | D:3      | Found a sacrificial altar of Ru.
  1911 | D:3      | Found an iron altar of Okawaru.
  1920 | D:3      | Became a worshipper of Warmaster Okawaru
  2270 | D:4      | Found a blossoming altar of Fedhas.
  2359 | D:4      | Reached XP level 6. HP: 32/39 MP: 6/6
  2369 | D:4      | Noticed Menkaure
  2382 | D:4      | Killed Menkaure
  2382 | D:4      | Reached * piety under Okawaru
  2382 | D:4      | Reached skill level 5 in Shields
  2720 | D:4      | Reached skill level 5 in Fighting
  2730 | D:4      | Reached skill level 5 in Armour
  2730 | D:4      | Reached XP level 7. HP: 43/44 MP: 7/7
  2984 | D:5      | Entered Level 5 of the Dungeon
  3005 | D:5      | Found a sand-covered staircase.
  3029 | Ossuary  | Entered an ossuary
  3806 | Ossuary  | Gained mutation: You can translocate small distances at will. [potion of mutation]
  3806 | Ossuary  | Gained mutation: You have a somewhat thin skeletal structure (Dex +2, Stealth). [potion of mutation]
  3806 | Ossuary  | Gained mutation: You are dopey. (Int -2) [potion of mutation]
  3807 | Ossuary  | Lost mutation: You are dopey. (Int -2) [potion of mutation]
  3807 | Ossuary  | Gained mutation: You are dopey. (Int -2) [potion of mutation]
  3807 | Ossuary  | Gained mutation: You are clumsy. (Dex -2) [potion of mutation]
  3984 | D:5      | Gained mutation: You occasionally shout uncontrollably at your foes. [potion of mutation]
  3997 | D:5      | Reached ** piety under Okawaru
  4071 | D:5      | Reached XP level 8. HP: 48/51 MP: 8/8
  4191 | D:5      | Reached skill level 6 in Fighting
  4482 | D:6      | Found Qunois's Book Shoppe.
  4767 | D:6      | Reached skill level 5 in Maces & Flails
  5160 | D:7      | Found an iron altar of Okawaru.
  5381 | D:7      | Found a staircase to the Ecumenical Temple.
  5387 | D:7      | Found Nangewig's Antique Armour Shop.
  5397 | D:7      | Bought a transparent large shield for 256 gold pieces
  5414 | D:7      | Identified the cursed -1 large shield "Hur Leepp" {rN+ MP+9 Dex+3} (You bought it in a shop on level 7 of the Dungeon)
  5548 | D:7      | Found a burning altar of Makhleb.
  5654 | D:7      | Reached skill level 7 in Fighting
  5654 | D:7      | Reached XP level 9. HP: 51/57 MP: 9/9
  5707 | D:7      | Reached *** piety under Okawaru
  5948 | D:8      | Noticed Sl000nik's ghost (novice GrFi)
  6381 | D:8      | Found Qorraen's Book Emporium.
  6427 | D:8      | Found a huge runed gate.
  6427 | D:8      | Found a huge runed gate.
  6427 | D:8      | Found a huge runed gate.
  6427 | D:8      | Noticed a polar bear
  6428 | D:8      | Noticed a polar bear
  6428 | D:8      | Noticed a polar bear
  6428 | D:8      | Found a huge runed gate.
  6428 | D:8      | Noticed a polar bear
  6428 | D:8      | Noticed a polar bear
  6428 | D:8      | Noticed a griffon
  6428 | D:8      | Noticed a griffon
  6428 | D:8      | Noticed a polar bear
  6429 | D:8      | Noticed a polar bear
  6636 | D:8      | Found a blossoming altar of Fedhas.
  6813 | D:7      | Reached skill level 8 in Fighting
  7115 | D:8      | Killed Sl000nik's ghost
  7115 | D:8      | Reached **** piety under Okawaru
  7115 | D:8      | Reached XP level 10. HP: 29/65 MP: 10/10
  7529 | D:9      | Reached skill level 9 in Fighting
  7656 | D:9      | Reached ***** piety under Okawaru
  7684 | D:9      | Found a shadowy altar of Dithmenos.
  7752 | D:9      | Found a staircase to the Lair.
  7782 | D:9      | Mangled by a komodo dragon

Vault maps used:
D:1:      dpeg_arrival_three_same_balls
D:2:      uniq_terence
D:3:      minmay_overflow_temple_hex
D:4:      fedhas_altar_fruit_tree, uniq_menkaure
D:5:      enter_ossuary_2, first_bread
D:6:      serial_shops, nicolae_shop_stone
D:7:      lemuel_round_altar, minmay_temple_entry_butterflies, serial_shops,
          nicolae_shop_trees, minmay_misc_feat_diagonals,
          okawaru_metal_pillars_1_2
D:8:      lemuel_bear_cage, serial_shops, shop, hangedman_tree_tricks,
          kennysheep_opposing_triangles
D:9:      david_lair_shrubbed, serial_shops, nicolae_shop_trees, basic_altar,
          serial_undead, serial_undead_a, serial_undead_a, serial_undead_c,
          serial_undead_d, serial_undead_b, serial_undead_b, serial_undead_e,
          serial_undead_f, grunt_dithmenos_shadows
Ossuary:  ossuary_tomb_3

Skill      XL: |  1  2  3  4  5  6  7  8  9 10 |
---------------+-------------------------------+-----
Fighting       | 4 5 7 8 9 |  9.1
Shields        | 4 5 6 7 8 |  8.9
Armour         | 4 5 6 8 |  8.7
Maces & Flails | 3 4 5 7 |  7.8

Action                   |  1- 3 |  4- 6 |  7- 9 | 10-12 || total
-------------------------+-------+-------+-------+-------++-------
Melee: Flail             |   142 |   178 |   495 |   153 ||   968
Invok: Heroism           |       |       |     2 |       ||     2
  Use: Scroll            |     2 |     7 |    18 |       ||    27
       Potion            |       |     2 |     4 |     1 ||     7
 Stab: Sleeping          |       |       |     3 |       ||     3
  Eat: Chunk             |       |     6 |     9 |     2 ||    17
       Fruit             |       |       |     2 |       ||     2
       Bread ration      |       |       |     2 |       ||     2
Armor: Scale mail        |    94 |    93 |   201 |    80 ||   468
Dodge: Dodged            |    46 |    62 |   122 |    32 ||   262
Block: Shield            |    89 |    91 |   137 |       ||   317
       Large shield      |       |       |   194 |   135 ||   329
